 Dungeon Sprint DCSS version 0.20.1-1-g8b1a95d (webtiles) character file.

8 potatolord6000 the Skirmisher (level 2, -3/27 HPs)
             Began as a Hill Orc Fighter on Sept 1, 2017.
             Was a Believer of Beogh.
             Slain by an ufetubus (4 damage)
             ... in the Dungeon (Sprint VII: "The Pits").
             The game lasted 00:00:49 (207 turns).

potatolord6000 the Skirmisher (Hill Orc Fighter)     Turns: 207, Time: 00:00:49

Health: -3/27      AC:  7    Str: 18    XL:     2   Next: 8%
Magic:  3/3        EV:  7    Int:  8    God:    Beogh [**....]
Gold:   0          SH:  9    Dex: 10    Spells: 1/1 levels left

rFire    . . .     SeeInvis .   a - +0 long sword
rCold    . . .     Gourm    .   c - +0 shield
rNeg     . . .     Faith    .   b - +0 scale mail
rPois    .         Spirit   .   (no helmet)
rElec    .         Reflect  .   (no cloak)
rCorr    .         Harm     .   (no gloves)
MR       .....     NoTele   +   (no boots)
Stlth    ..........             (no amulet)
Regen    0.1/turn               (no ring)
MPRegen  0.1/turn               (no ring)

@: hasted, very quick
A: no striking features
a: Smiting, Renounce Religion


You were in the Dungeon.
You worshipped Beogh.
Beogh was pleased with you.
You were very full.

You visited 1 branch

Inventory:

Hand Weapons
 a - a +0 long sword (weapon)
Armour
 b - a +0 scale mail (worn)
 c - a +0 shield (worn)
Scrolls
 k - a scroll of blinking
 m - 3 scrolls of remove curse
 n - 5 scrolls of amnesia
 o - a scroll of summoning
Potions
 d - a potion of might
 g - a potion of heal wounds
 i - 4 potions of magic
 j - 3 potions of berserk rage
 l - 2 potions of invisibility
Comestibles
 f - 8 bread rations
 p - 40 fruits
 q - 6 meat rations


   Skills:
 + Level 4.2 Fighting
 + Level 2.9 Long Blades
 + Level 3.8 Armour
 + Level 3.8 Shields
 + Level 1.6 Invocations


You had one spell level left.
You didn't know any spells.

Dungeon Overview and Level Annotations

Branches:
Dungeon (1/1)

Altars:
Ashenzari
Cheibriados
Dithmenos
Elyvilon
Fedhas
Gozag
Hepliaklqana
Kikubaaqudgha
Makhleb
Nemelex Xobeh
Okawaru
Qazlal
Ru
Sif Muna
Trog
Uskayaw
Vehumet
Xom
Yredelemnul
Zin
The Shining One
Beogh
Jiyva
Lugonu


Message History

Unknown command.
You fail to use your ability.
You block the ufetubus's attack. x2
Unknown command.
You closely miss the ufetubus.
The ufetubus is lightly wounded.
The ufetubus hits you.
* * * LOW HITPOINT WARNING * * *
The ufetubus hits you.
* * * LOW HITPOINT WARNING * * *
You barely miss the ufetubus.
The ufetubus is lightly wounded.
The ufetubus hits you but does no damage.
The ufetubus barely misses you.
The ufetubus hits you but does no damage.
The ufetubus closely misses you.
Unknown command.
You closely miss the ufetubus.
The ufetubus is lightly wounded.
The ufetubus hits you.
You die...

############
#_________.#
#_________.#
#__.____...###########++
##########'##...........
#.?(.')))'.##......#..#.
##########.##...........
#......@...†'...........
#+#####5#####......#..#.
#..#Jr#..##...........
#..†..††.#####'#####++
##'####+###.......#
#...r....##.......#
#...5....##.......#
#####+#####...<...#
#.......#


You could see a jelly, an ufetubus and a quokka.

Vanquished Creatures
  A leopard gecko (D)
  A giant cockroach (D)
  2 quokkas (D)
  A ball python (D)
  A bat (D)
  A kobold (D)
7 creatures vanquished.

Notes
Turn   | Place    | Note
-------+----------+-------------------------------------------
     0 | D        | potatolord6000 the Hill Orc Fighter began the quest for the Orb.
     0 | D        | Reached XP level 1. HP: 19/19 MP: 1/1
    45 | D        | Found a bloodstained altar of Trog.
    45 | D        | Found a deep blue altar of Sif Muna.
    45 | D        | Found a viscous altar of Jiyva.
    45 | D        | Found a hazy altar of Hepliaklqana.
    45 | D        | Found an opulent altar of Gozag.
    46 | D        | Found a glowing golden altar of the Shining One.
    46 | D        | Found a glowing silver altar of Zin.
    46 | D        | Found a basalt altar of Yredelemnul.
    46 | D        | Found a shimmering altar of Xom.
    46 | D        | Found a sacrificial altar of Ru.
    46 | D        | Found a stormy altar of Qazlal.
    46 | D        | Found an iron altar of Okawaru.
    46 | D        | Found a sparkling altar of Nemelex Xobeh.
    46 | D        | Found a burning altar of Makhleb.
    46 | D        | Found a blossoming altar of Fedhas.
    46 | D        | Found a white marble altar of Elyvilon.
    46 | D        | Found a shadowy altar of Dithmenos.
    46 | D        | Found a snail-covered altar of Cheibriados.
    48 | D        | Found a radiant altar of Vehumet.
    48 | D        | Found a corrupted altar of Lugonu.
    48 | D        | Found a roughly hewn altar of Beogh.
    49 | D        | Found a hide-covered altar of Uskayaw.
    49 | D        | Found an ancient bone altar of Kikubaaqudgha.
    49 | D        | Found a shattered altar of Ashenzari.
    60 | D        | Became a worshipper of Beogh the Brigand
    88 | D        | Reached skill level 1 in Invocations
    92 | D        | Reached * piety under Beogh
    92 | D        | Reached skill level 4 in Fighting
   106 | D        | Reached XP level 2. HP: 19/27 MP: 3/3
   191 | D        | Reached ** piety under Beogh
   205 | D        | HP: 1/27 [ufetubus (2)]
   207 | D        | Slain by an ufetubus

Skill      XL: |  1 |
---------------+----+-----
Invocations    | 1 |  1.6
Fighting       | 4 |  4.2
Long Blades    | |  2.9
Armour         | |  3.8
Shields        | |  3.8

Action                   || total
-------------------------++-------
Melee: Long sword        ||    26
  Use: Potion            ||     2
  Eat: Meat ration       ||     1
Armor: Scale mail        ||    24
Dodge: Dodged            ||     8
Block: Shield            ||    20
       Rpst.: Long sword ||     3
